 Dungeon Crawl Stone Soup version 0.30.0-19-g36f170ea60 (webtiles) character file.

Game seed: 13129723441535747905

14791 cheesebisquit the Spear-Bearer (level 12, -55/107 HPs)
             Began as a Merfolk Gladiator on May 30, 2023.
             Was an Initiate of Yredelemnul.
             Annihilated by a titanic slime creature (101 damage)
             ... on level 11 of the Dungeon.
             The game lasted 00:53:41 (11851 turns).

cheesebisquit the Spear-Bearer (Merfolk Gladiator) Turns: 11851, Time: 00:53:42

Health: -55/107    AC: 16    Str: 15    XL:     12   Next: 20%
Magic:  12/12      EV:  7    Int: 12    God:    Yredelemnul [......]
Gold:   663        SH:  0    Dex: 15    Spells: 11/11 levels left

rFire   + . .        J - +1 trident (heavy)
rCold   . . .        (no shield)
rNeg    . . .        V - +0 plate armour
rPois   .            c - +1 helmet
rElec   .            i - +1 cloak
rCorr   .            (no gloves)
SInv    .            (no boots)
Will    +....        g - amulet of the acrobat Stlth
                     R - ring of willpower
HPRegen 0.37/turn    p - ring of protection from fire
MPRegen 0.13/turn

%: acrobat
@: confused, ambrosia-drunk
A: (nimble swimmer 2), mertail
a: Renounce Religion, Recall Undead Harvest


You were on level 11 of the Dungeon.
You worshipped Yredelemnul.
Yredelemnul was noncommittal.
You visited 1 branch of the dungeon, and saw 12 of its levels.

You collected 663 gold pieces.

Inventory:

Hand Weapons
 a - a +0 trident of flaming
 l - a +0 morningstar
 J - a +1 heavy trident (weapon)
 T - a +1 glaive of protection
Missiles
 e - 9 javelins
 q - 29 poisoned darts
 z - 5 boomerangs (quivered)
 S - 8 curare-tipped darts
Armour
 b - a +0 chain mail
 c - a +1 helmet (worn)
 d - a +3 ring mail of willpower
 i - a +1 cloak (worn)
 E - a +2 robe of willpower
 G - a +3 leather armour of fire resistance
 V - a +0 plate armour (worn)
Magical Staves
 u - a staff of death
Jewellery
 g - an amulet of the acrobat (around neck)
 p - a ring of protection from fire (right hand)
 P - an amulet of faith
 R - a ring of willpower (left hand)
Wands
 f - a wand of iceblast (17)
 o - a wand of mindburst (15)
 A - a wand of paralysis (15)
 F - a wand of polymorph (13)
 Q - a wand of acid (8)
Scrolls
 h - 5 scrolls of immolation
 k - 5 scrolls of teleportation
 n - 3 scrolls of vulnerability
 s - a scroll of blinking
 w - a scroll of butterflies {unknown}
 y - a scroll of poison
 B - a scroll of fog {unknown}
 C - 2 scrolls of magic mapping
 I - a scroll of silence {unknown}
 K - 2 scrolls of amnesia {unknown}
Potions
 j - 3 potions of lignification
 m - 4 potions of magic
 t - a potion of curing
 v - 2 potions of attraction
 D - 4 potions of flight
 H - a potion of brilliance
 O - 2 potions of ambrosia


   Skills:
 + Level 14.0 Fighting
 - Level 14.0 Polearms
 - Level 2.0 Throwing
 - Level 5.0 Armour
 - Level 10.0 Dodging
 - Level 5.0 Stealth


You had 11 spell levels left.
You didn't know any spells.
Your spell library contained the following spells:

 Spells                   Type           Power      Damage    Failure   Level
 Sandblast                Erth           0%         2d4       100%        1
 Ensorcelled Hibernation  Hex/Ice        0%         N/A       100%        2
 Passwall                 Tmut/Erth      0%         N/A       100%        2
 Poisonous Vapours        Pois/Air       0%         N/A       100%        2
 Static Discharge         Conj/Air       0%         2-2/arc   100%        2
 Mephitic Cloud           Conj/Pois/Air  0%         N/A       100%        3
 Stone Arrow              Conj/Erth      0%         3d7       100%        3
 Swiftness                Air            0%         N/A       100%        3
 Volatile Blastmotes      Fire/Tloc      0%         2d10      100%        3
 Airstrike                Air            0%         2d(0-16)  100%        4
 Fulminant Prism          Conj/Hex       0%         3d5       100%        4
 Iskenderun's Mystic Bla  Conj/Tloc      0%         2d3       100%        4
 Summon Ice Beast         Ice/Summ       0%         N/A       100%        4
 Summon Lightning Spire   Summ/Air       0%         N/A       100%        4
 Freezing Cloud           Conj/Ice/Air   0%         6-21      100%        5
 Lee's Rapid Deconstruct  Erth           0%         3d4*      100%        5
 Summon Mana Viper        Hex/Summ       0%         N/A       100%        5
 Monstrous Menagerie      Summ           0%         N/A       100%        7


Dungeon Overview and Level Annotations

Branches:
Dungeon (12/15)            Temple (0/1) D:6            Lair (0/5) D:8
    Orc (0/2) D:11

Altars:
Ashenzari
Cheibriados
Dithmenos
Elyvilon
Hepliaklqana
Kikubaaqudgha
Makhleb
Sif Muna
Trog
Uskayaw
Vehumet
Xom
Yredelemnul
The Shining One

Shops:
D:10 [

Annotations:
D:5 1 runed translucent door


Innate Abilities, Weirdness & Mutations

((You are very nimble when in or above water. (Stealth+, EV+, Speed+++)))
Your lower body shifts to a powerful aquatic tail in water.


Message History

There is a stone staircase leading down here.
You climb downwards.
The large slime creature completely misses you.
A very large slime creature splits.
The large slime creature hits you but does no damage. x2
There is a stone staircase leading up here.
The large slime creature barely misses you.
The large slime creature hits you!!
The slime creature hits you but does no damage.
You climb upwards.
There is a stone staircase leading down here.
The large slime creature attacks as you move away!
The large slime creature hits you!!
A large slime creature splits.
The slime creature completely misses you.
The slime creature misses you.
Two slime creatures merge to form a large slime creature.
The large slime creature attacks as you move away!
The large slime creature misses you.
A large slime creature splits.
Okay, then.
Okay, then.
You hit the large slime creature.
The large slime creature is lightly wounded.
The large slime creature barely misses you.
Two slime creatures merge to form a very large slime creature.
You barely miss the very large slime creature.
The very large slime creature is lightly wounded.
You impale the very large slime creature!!
The very large slime creature is lightly wounded.
The very large slime creature hits you!!
* * * LOW HITPOINT WARNING * * *
You are confused.
You feel invigorated.
Two slime creatures merge to form a titanic slime creature.
You impale the titanic slime creature!!
The titanic slime creature is lightly wounded.
You bump into the rock wall.
You bump into the rock wall.
The titanic slime creature hits you!!!!
Ouch! That really hurt!
You die...
Your body rises from the dead as a mindless zombie.

#.##.<.## #.# #.#
..#.###.###.###############.#
.#.#####.##...............#.#
......##.###...######.#.....#
.#.##.#.....>#........#.###.#
###.#.#.####JJ.#######Z.# #.#
# ##....#####.## #..###.# #
##.#.......########......# #
#.####.....J@...#...#.#### #
#.# #.#..#####.....Z....# #
#.# #.#..# ###...#.##.# # #.#
#.#..# ##.##.##.# # #.#
#.#>.########.##.##.# # #.#
#.#...(..........##.# # #.#
#.###########..####.# #####.#
#.### #..# #..# ......# #...#
#.## #.##


You could see a titanic slime creature.

Vanquished Creatures
  A rakshasa (D:12)
  Harold (D:9)
  An orc knight (D:10)
  Pikel (D:5)
  A deep elf pyromancer (D:12)
  An ugly thing (D:12)
  5 cyclopes
  A manticore (D:11)
  A gargoyle (D:11)
  A yaktaur (D:11)
  4 trolls
  4 slime creatures (D:12)
  A vampire (D:11)
  2 shadows (D:12)
  9 yaks
  2 wraiths
  Eustachio (D:6)
  Grum (D:11)
  2 steam dragons
  Edmund (D:4)
  A water moccasin (D:7)
  5 orc warriors
  A sky beast (D:8)
  2 black bears (D:4)
  2 wolves (D:11)
  3 centaurs
  A phantom (D:3)
  2 kobold brigands (D:10)
  2 bullfrogs
  A scorpion (D:5)
  11 killer bees
  4 howler monkeys
  9 orc priests
  A gnoll bouda (D:7)
  3 hounds
  A human skeleton (D:5)
  4 iguanas
  Ijyb (D:4)
  Natasha (twice) (D:4)
  8 orc wizards
  5 gnolls (D:7)
  6 adders
  A shadow imp (D:7)
  A worm (D:2)
  35 orcs
  5 endoplasms
  A giant cockroach (D:3)
  4 goblins
  9 hobgoblins
  3 jackals (D:3)
  2 quokkas
  4 ball pythons
  4 bats
  5 frilled lizards
  5 kobolds
  A kobold zombie (D:5)
  2 rats
198 creatures vanquished.

Vanquished Creatures (collateral kills)
  A deep elf pyromancer (D:12)
  An ugly thing (D:11)
  A shadow (D:12)
  3 yaks
  A killer bee (D:8)
  A howler monkey (D:5)
  A jelly (D:5)
  2 sleepcaps
  An orc wizard (D:4)
  A shadow imp (D:8)
  An ufetubus (D:4)
  5 orcs
  A goblin (D:4)
  A quokka (D:4)
  10 kobolds
31 creatures vanquished.

Vanquished Creatures (others)
  An ugly thing zombie (D:12)
  2 slime creature zombies (D:12)
  A cyclops zombie (D:12)
  A troll zombie (D:12)
  7 yak zombies
  2 black bear zombies (D:4)
  4 killer bee zombies (D:11)
  2 hound zombies (D:6)
  A howler monkey zombie (D:11)
  2 human zombies
  A steam dragon zombie (D:9)
  An adder zombie (D:6)
  An iguana zombie (D:7)
  A goblin zombie (D:4)
  A bat zombie (D:3)
  3 kobold zombies (D:10)
  13 orc zombies
  A spectral ufetubus (D:4)
45 creatures vanquished.

Grand Total: 274 creatures vanquished

Notes
Turn   | Place    | Note
-------+----------+-------------------------------------------
     0 | D:1      | cheesebisquit the Merfolk Gladiator began the quest for the
                  | Orb.
     0 | D:1      | Reached XP level 1. HP: 16/16 MP: 1/1
   152 | D:1      | Reached XP level 2. HP: 21/22 MP: 2/2
   282 | D:1      | Reached skill level 5 in Polearms
   515 | D:2      | Reached XP level 3. HP: 18/27 MP: 3/3
   703 | D:2      | Found a basalt altar of Yredelemnul.
   724 | D:2      | Became a worshipper of Yredelemnul the Dark
  1063 | D:3      | Reached XP level 4. HP: 30/33 MP: 4/4
  1281 | D:3      | Reached * piety under Yredelemnul
  1399 | D:3      | Noticed a phantom
  1406 | D:3      | Killed a phantom
  1407 | D:3      | Reached XP level 5. HP: 38/38 MP: 5/5
  1762 | D:4      | Noticed a black bear
  1777 | D:4      | Killed a black bear
  1778 | D:4      | Reached XP level 6. HP: 44/44 MP: 6/6
  2024 | D:4      | Noticed Ijyb
  2054 | D:4      | Killed Ijyb
  2077 | D:4      | Noticed a black bear
  2093 | D:4      | Killed a black bear
  2094 | D:4      | Reached skill level 10 in Polearms
  2094 | D:4      | Reached XP level 7. HP: 45/50 MP: 7/7
  2134 | D:4      | Noticed Edmund
  2143 | D:4      | Your ally Ijyb died
  2162 | D:4      | Killed Edmund
  2168 | D:4      | Your ally Edmund died
  2249 | D:4      | Noticed Natasha
  2280 | D:4      | Killed Natasha
  2401 | D:4      | Noticed Natasha
  2410 | D:4      | Killed Natasha
  2714 | D:5      | Entered Level 5 of the Dungeon
  2714 | D:5      | Noticed a human
  2714 | D:5      | Found a runed translucent door.
  2715 | D:5      | Found a basalt altar of Yredelemnul.
  2866 | D:5      | Found a broken altar of Ashenzari.
  2866 | D:5      | Noticed Pikel
  2874 | D:5      | Killed Pikel
  2875 | D:5      | Reached XP level 8. HP: 44/56 MP: 8/8
  2881 | D:5      | Reached ** piety under Yredelemnul
  3485 | D:6      | Found a staircase to the Ecumenical Temple.
  3620 | D:6      | Reached skill level 5 in Fighting
  3620 | D:6      | Reached XP level 9. HP: 41/68 MP: 9/9
  3953 | D:6      | Noticed Eustachio
  3965 | D:6      | Killed Eustachio
  3966 | D:6      | Reached *** piety under Yredelemnul
  4070 | D:6      | Your ally Eustachio died
  4170 | D:6      | Found a hazy altar of Hepliaklqana.
  4671 | D:7      | Identified the +0 sling of the Shining Light {freeze, rElec
                  | rPois Str-3 Stlth+}
  4890 | D:8      | Noticed a cyclops
  5179 | D:8      | Found a staircase to the Lair.
  5216 | D:8      | Killed a cyclops
  5661 | D:8      | Reached skill level 10 in Fighting
  5869 | D:8      | Found a bloodstained altar of Trog.
  5875 | D:8      | Found a white marble altar of Elyvilon.
  5876 | D:8      | Found a shimmering blue altar of Sif Muna.
  5877 | D:8      | Found a shadowy altar of Dithmenos.
  5877 | D:8      | Found a glowing golden altar of the Shining One.
  5877 | D:8      | Found a shimmering altar of Xom.
  5878 | D:8      | Found a snail-covered altar of Cheibriados.
  5880 | D:8      | Found a burning altar of Makhleb.
  5881 | D:8      | Found a hide-covered altar of Uskayaw.
  6025 | D:9      | Reached skill level 5 in Dodging
  6025 | D:9      | Reached XP level 10. HP: 72/85 MP: 10/10
  6227 | D:9      | Found an ancient bone altar of Kikubaaqudgha.
  6319 | D:9      | Found a radiant altar of Vehumet.
  6413 | D:9      | Noticed Harold
  6431 | D:9      | Killed Harold
  6445 | D:9      | Reached skill level 10 in Dodging
  6561 | D:9      | Reached skill level 1 in Stealth
  7090 | D:10     | Entered Level 10 of the Dungeon
  7139 | D:10     | Found Otakkoucio's Antique Armour Shop.
  7181 | D:10     | Reached skill level 5 in Stealth
  7185 | D:10     | Reached skill level 1 in Armour
  7654 | D:10     | Reached XP level 11. HP: 41/90 MP: 11/11
  8321 | D:11     | Found a staircase to the Orcish Mines.
  8321 | D:11     | Noticed an orc knight
  8353 | D:10     | Killed an orc knight
  8524 | D:11     | Noticed a cyclops
  8536 | D:11     | Killed a cyclops
  8962 | D:11     | Noticed Grum
  9000 | D:11     | Killed Grum
  9008 | D:11     | Reached skill level 5 in Armour
  9035 | D:11     | Noticed a brown ugly thing
  9043 | D:11     | Killed a brown ugly thing
  9414 | D:11     | Noticed a manticore
  9430 | D:11     | Killed a manticore
  9434 | D:11     | Reached **** piety under Yredelemnul
  9758 | D:11     | Noticed a cyclops
  9769 | D:11     | Killed a cyclops
 10024 | D:12     | Noticed a deep elf pyromancer
 10029 | D:12     | Noticed a cyclops
 10036 | D:12     | Killed a deep elf pyromancer
 10041 | D:12     | Killed a cyclops
 10205 | D:12     | Noticed a rakshasa
 10206 | D:12     | Noticed a cyclops
 10363 | D:12     | Noticed a green ugly thing
 10376 | D:12     | Killed a green ugly thing
 10553 | D:12     | Noticed a deep elf pyromancer
 10563 | D:12     | Killed a deep elf pyromancer
 10920 | D:12     | Noticed a two-headed ogre
 10928 | D:12     | Reached XP level 12. HP: 105/105 MP: 12/12
 11110 | D:12     | Killed a rakshasa
 11355 | D:12     | HP: 1/107 [large slime creature (13)]
 11851 | D:11     | Annihilated by a titanic slime creature

Illustrated notes

Levels and vault maps discovered:
D:1:      minmay_arrival_solitary_statue, layout_rooms
D:2:      layout_rooms, basic_altar
D:3:      layout_loops_cross
D:4:      layout_basic, uniq_natasha, uniq_ijyb, uniq_edmund
D:5:      layout_rooms, dk_yredelemnul_ordeal, evilmike_ruin_ashenzari,
          item_on_display_b, uniq_pikel
D:6:      layout_basic, nicolae_hepliaklqana_hippocampus, temple_doors_e,
          uniq_eustachio
D:7:      layout_cave_pools
D:8:      layout_cave_pools, minitemple, dpeg_oklobed_lair
D:9:      layout_long_grid, kiku_gazebo_garden_becter, lemuel_tele_altar,
          uniq_harold
D:10:     layout_rooms, nicolae_stop_n_shop_2
D:11:     layout_loops_ring, david_orc_5, uniq_grum
D:12:     layout_gridville, kennysheep_generic_room_12

Skill      XL: |  1  2  3  4  5  6  7  8  9 10 11 12 |
---------------+-------------------------------------+-----
Polearms       | 5 6 7 8 10 13 14 | 14.0
Fighting       | 5 10 13 14 | 14.0
Dodging        | 5 10 | 10.0
Stealth        | 5 |  5.0
Armour         | 2 5 |  5.0
Throwing       | |  2.0

Action                     |  1- 3 |  4- 6 |  7- 9 | 10-12 || total
---------------------------+-------+-------+-------+-------++-------
  Melee: Trident           |   109 |    92 |   268 |   383 ||   852
         Punch             |     5 |       |     3 |     3 ||    11
  Throw: Throwing net      |       |     3 |     5 |     1 ||     9
         Javelin           |       |       |     9 |     1 ||    10
         Dart              |       |       |    16 |    12 ||    28
         Boomerang         |       |       |       |    42 ||    42
    Use: Potion            |       |       |     8 |    14 ||    22
         Scroll            |       |       |    12 |    12 ||    24
   Stab: Sleeping          |     1 |       |       |     1 ||     2
         Distracted        |       |     1 |     1 |       ||     2
         Held in net/web   |       |     1 |       |       ||     1
 Armour: Leather armour    |    18 |       |       |       ||    18
         Scale mail        |     9 |    35 |       |       ||    44
         Chain mail        |       |     4 |    98 |    13 ||   115
         Skin              |       |     2 |       |       ||     2
         Ring mail         |       |       |       |    16 ||    16
         Plate armour      |       |       |       |    73 ||    73
  Dodge: Dodged            |    47 |    38 |    69 |   161 ||   315
